 Dungeon Crawl Stone Soup version 0.26-a0-712-ga5a9c9c9d0 (webtiles) character file.

Game seed: 1854590054206012413

4414 kae the Transmogrifier (level 10, -5/78 HPs)
             Began as a Naga Transmuter on Nov 4, 2020.
             Was a Priest of Cheibriados.
             Slain by a gnoll shaman
             ... wielding a +0 halberd
              (7 damage)
             ... in a bailey.
             The game lasted 00:08:35 (10844 turns).

kae the Transmogrifier (Naga Transmuter)           Turns: 10844, Time: 00:08:36

Health: -5/78      AC:  5    Str: 31    XL:     10   Next: 36%
Magic:  7/14       EV:  9    Int: 20    God:    Cheibriados [***...]
Gold:   678        SH:  0    Dex: 13    Spells: 2/15 levels left

rFire    . . .     SeeInvis +     - Unarmed
rCold    . . .     Faith    .   (shield currently unavailable)
rNeg     . . .     Spirit   .   a - +1 robe
rPois    +         Reflect  .   (no helmet)
rElec    .         Harm     .   (no cloak)
rCorr    .         Rampage  .   (gloves currently unavailable)
MR       +....                  (no barding)
Stlth    +.........             f - amulet of magic regeneration
HPRegen  0.23/turn              g - ring "Yrafes" {rPois Str+7 Dex-5 Slay+6 SInv}
MPRegen  0.39/turn              v - ring of flight

@: blade hands, drained, very slow
A: large, see invisible, deformed body, poison resistance, slowness 2, spit
poison 1, AC +3
a: Spit Poison, End Transformation, Bend Time, Temporal Distortion, Renounce
Religion, Evoke Flight


You were in a bailey.
You worshipped Cheibriados.
Cheibriados was most pleased with you.
You had blades for hands.
You visited 1 branch of the dungeon, and saw 8 of its levels.
You also visited: Sewer and Bailey.

You collected 678 gold pieces.

Inventory:

Hand Weapons
 j - a +1 whip of electrocution (melded)
Armour
 a - a +1 robe (worn)
Jewellery
 f - an amulet of magic regeneration (around neck)
 g - the ring "Yrafes" (left scythe-like blade) {rPois Str+7 Dex-5 Slay+6 SInv}
   (You found it on level 4 of the Dungeon)

   [ring of poison resistance]

   It affects your strength (+7).
   It affects your dexterity (-5).
   It affects your accuracy and damage with ranged weapons and melee attacks
   (+6).
   It protects you from poison.
   It lets you see invisible.
 i - an uncursed ring of protection from magic {unknown}
 l - an uncursed ring of fire
 q - a cursed ring of fire
 v - a ring of flight (right scythe-like blade)
Wands
 r - a wand of flame (23)
 t - a wand of iceblast (5)
Scrolls
 d - a scroll of teleportation
 h - 4 scrolls of remove curse
 p - 3 scrolls of enchant armour
 w - 2 scrolls of enchant weapon
Potions
 b - 2 potions of flight
 c - 3 potions of curing
 e - 2 potions of mutation
 k - 2 potions of berserk rage
 m - 2 potions of stabbing
 o - a potion of magic {unknown}
 s - a potion of lignification {unknown}
 x - a potion of haste {unknown}


   Skills:
 - Level 1.0(0.3) Fighting
 - Level 1.5(0.9) Dodging
 + Level 9.6(8.8) Unarmed Combat
 - Level 3.0(2.3) Spellcasting
 - Level 11.0(10.1) Transmutations
 + Level 1.0(0.4) Ice Magic
 - Level 4.0(3.3) Poison Magic


You had 2 spell levels left.
You knew the following spells:

 Your Spells              Type           Power        Failure   Level
a - Beastly Appendage     Tmut           #####.       10%         1
b - Spider Form           Tmut/Pois      ####......   26%         3
c - Blade Hands           Tmut           #####.....   38%         5
d - Ice Form              Ice/Tmut       ###.....     58%         4

Your spell library contained the following spells:

 Spells                   Type           Power        Failure   Level
 Wereblood                Tmut           #####...     11%         2
 Corona                   Hex            #......      56%         1
 Summon Small Mammal      Summ           #...         56%         1
 Call Imp                 Summ           #.......     67%         2
 Slow                     Hex            #.......     67%         2
 Petrify                  Tmut/Erth      ###.....     61%         4
 Call Canine Familiar     Summ           #.......     83%         3
 Confusing Touch          Hex            #.......     83%         3
 Gell's Gravitas          Tloc           #.........   83%         3
 Inner Flame              Hex/Fire       #.......     83%         3
 Portal Projectile        Hex/Tloc       #.....       83%         3
 Summon Guardian Golem    Hex/Summ       #.......     83%         3
 Yara's Violent Unravell  Hex/Tmut       ###.......   86%         5
 Cause Fear               Hex            #.........   98%         4
 Leda's Liquefaction      Hex/Erth       #.........   98%         4
 Summon Ice Beast         Ice/Summ       #.......     98%         4
 Summon Lightning Spire   Summ/Air       #.......     98%         4
 Metabolic Englaciation   Hex/Ice        #.........   100%        5


Dungeon Overview and Level Annotations

Branches:
Dungeon (8/15)             Temple (0/1) D:5            Lair (0/6) D:8
  Sewer (visited)          Bailey (1/1)

Altars:
Ashenzari
Cheibriados
Dithmenos
Nemelex Xobeh
Okawaru
Qazlal
Ru
Xom

Shops:
D:5 *}([   D:6 !

Annotations:
D:6 exclusion: upstairs


Innate Abilities, Weirdness & Mutations

You cannot wear boots.
Your serpentine skin is tough. (AC +3)
You have supernaturally acute eyesight. (SInv)
Armour fits poorly on your strangely shaped body.
Your system is resistant to poisons. (rPois)
You cover ground very slowly.
You can spit poison.


Message History

The gnoll shaman closely misses you.
The gnoll sergeant hits you from afar with a +0 halberd!
You feel much better. The gnoll sergeant closely misses you.
The gnoll shaman closely misses you.
Casting: Ice Form (dangerous; 17% risk of failure)
Confirm with . or Enter, or press ? or * to list all spells.
You warm up again.
Your +1 whip of electrocution unmelds from your body.
Your +1 robe unmelds from your body.
You hear the crackle of electricity.
Your hands turn into razor-sharp scythe blades.
Your +1 whip of electrocution melds into your body.
Your +1 whip of electrocution stops crackling.
The gnoll sergeant hits you with a +0 halberd!
The gnoll sergeant hits you from afar with a +0 halberd!
* * * LOW HITPOINT WARNING * * *
The gnoll sergeant hits you with a +0 halberd!!
* * * LOW HITPOINT WARNING * * *
The gnoll shaman hits you from afar with a +0 halberd!
You die...

#...≈≈♣♣ #..≈.♣
#..≈.♣♣ #..≈..♣ #
#..≈..♣ .# #..≈..♣♣
..######..≈...♣♣
...#...'......)♣♣♣#
...'...'......gg@∩#
...#...'......g♣♣♣#
g #####..≈...♣♣
#..≈...♣ #..≈...♣
#..≈..♣♣ #..≈.♣♣
#..≈.♣ ..≈≈♣♣


You could see 2 gnoll sergeants and a gnoll shaman.

Vanquished Creatures
  Harold (D:7)
  2 rust devils (D:6)
  A wraith (D:6)
  2 ice beasts
  A phantom (D:7)
  3 orc warriors
  3 black bears (D:7)
  4 ogres
  3 centaurs
  3 bullfrogs
  8 wights
  A howler monkey (D:5)
  An orc priest (D:7)
  A jelly (D:6)
  A bullfrog skeleton (D:5)
  8 hounds
  6 orc wizards
  4 worker ants
  A killer bee zombie (D:6)
  A hound zombie (D:7)
  12 gnolls
  14 adders
  A shadow imp (D:7)
  A white imp (D:2)
  3 adder skeletons
  4 worms
  2 dart slugs (D:2)
  2 leopard geckos
  20 orcs
  7 bats
  13 giant cockroaches
  9 goblins
  3 hobgoblins
  3 jackals
  10 kobolds
  A quokka (D:3)
  2 ball pythons (Sewer)
  9 frilled lizards
  A jackal skeleton (D:4)
  A leopard gecko skeleton (D:5)
  11 rats
184 creatures vanquished.

Notes
Turn   | Place    | Note
-------+----------+-------------------------------------------
     0 | D:1      | kae the Naga Transmuter began the quest for the Orb.
     0 | D:1      | Reached XP level 1. HP: 18/18 MP: 3/3
   189 | D:1      | Reached XP level 2. HP: 23/25 MP: 3/5
   638 | D:1      | Reached skill level 3 in Transmutations
   681 | D:1      | You fall into a shaft and drop 1 floor!
   682 | D:2      | Reached XP level 3. HP: 31/31 MP: 6/6
  1440 | D:1      | Learned a level 3 spell: Spider Form
  1506 | D:2      | Reached skill level 1 in Poison Magic
  1509 | D:2      | Reached XP level 4. HP: 10/38 MP: 1/7
  2416 | D:3      | Found a glowing drain.
  2438 | Sewer    | Entered a sewer
  2910 | Sewer    | Reached XP level 5. HP: 44/44 MP: 4/8
  2976 | Sewer    | Reached skill level 4 in Transmutations
  3035 | Sewer    | Reached XP level 6. HP: 46/51 MP: 5/9
  3440 | D:3      | Noticed an ice beast
  3452 | D:3      | Killed an ice beast
  3452 | D:3      | Reached skill level 5 in Transmutations
  4286 | D:3      | Reached XP level 7. HP: 38/57 MP: 7/10
  4811 | D:4      | Got a transparent iron ring
  5097 | D:4      | Reached skill level 5 in Unarmed Combat
  5097 | D:4      | Reached skill level 6 in Transmutations
  5119 | D:4      | Found a stormy altar of Qazlal.
  5294 | D:4      | Found a snail-covered altar of Cheibriados.
  5302 | D:4      | Found a sparkling altar of Nemelex Xobeh.
  5597 | D:4      | Became a worshipper of Cheibriados the Contemplative
  5633 | D:5      | Entered Level 5 of the Dungeon
  6027 | D:5      | Found Xunesed's Antique Armour Shoppe.
  6084 | D:5      | Found Ethrauq's Antique Weapon Emporium.
  6269 | D:5      | Identified the ring "Yrafes" {rPois Str+7 Dex-5 Slay+6
                  | SInv} (You found it on level 4 of the Dungeon)
  6296 | D:5      | Reached XP level 8. HP: 43/64 MP: 11/11
  6412 | D:5      | Found Egru's Gadget Shoppe.
  6476 | D:5      | Found Ishrogh's General Store.
  6545 | D:5      | Reached skill level 7 in Transmutations
  6577 | D:5      | Found a staircase to the Ecumenical Temple.
  7383 | D:5      | Noticed a rust devil
  7383 | D:5      | Noticed a rust devil
  7396 | D:6      | Reached * piety under Cheibriados
  7396 | D:6      | Reached skill level 8 in Transmutations
  7492 | D:6      | Learned a level 5 spell: Blade Hands
  7774 | D:6      | Found Veifuokh's Distillery.
  7784 | D:6      | Noticed a wraith
  7793 | D:6      | Killed a wraith
  7976 | D:6      | Found a shadowy altar of Dithmenos.
  8059 | D:6      | Killed a rust devil
  8059 | D:6      | Reached skill level 9 in Transmutations
  8059 | D:6      | Reached XP level 9. HP: 44/70 MP: 11/13
  8201 | D:6      | Killed a rust devil
  9063 | D:7      | Reached skill level 10 in Transmutations
  9161 | D:7      | Reached ** piety under Cheibriados
  9294 | D:7      | Found a sacrificial altar of Ru.
  9295 | D:7      | Found a shimmering altar of Xom.
  9299 | D:7      | Found an iron altar of Okawaru.
  9855 | D:7      | Reached XP level 10. HP: 74/78 MP: 10/14
  9892 | D:7      | Reached skill level 11 in Transmutations
  9914 | D:7      | Noticed Harold
  9924 | D:7      | Killed Harold
  9943 | D:7      | Found a broken altar of Ashenzari.
 10297 | D:8      | Reached *** piety under Cheibriados
 10297 | D:8      | Noticed a death yak
 10399 | D:8      | Learned a level 4 spell: Ice Form
 10616 | D:8      | Found a flagged portal.
 10619 | D:8      | Found a staircase to the Lair.
 10626 | Bailey   | Entered a bailey
 10635 | Bailey   | Reached skill level 1 in Ice Magic
 10839 | Bailey   | HP: 2/93 [gnoll sergeant/+0 halberd (12)]
 10844 | Bailey   | Slain by a gnoll shaman

Illustrated notes

Levels and vault maps discovered:
D:1:      erik_arrival_blinker_ship, layout_basic
D:2:      layout_rooms
D:3:      layout_loops_ring, cheibrodos_sewer_entry_bend,
          kennysheep_big_empty_room
D:4:      layout_gridville, cheibriados_altar_1, kennysheep_mini,
          nemelex_lonely_heart_becter
D:5:      cheibrodos_iron_armory, layout_rooms, minmay_temple_entry_poolview,
          serial_shops, nicolae_shop_temple_entry_statues_fountains,
          nicolae_shop_stone, shop, nicolae_shop_behind_doors,
          hangedman_decor_clover_reticule
D:6:      layout_gridville, nicolae_dithmenos_through_a_glass_darkly,
          serial_shops, kennysheep_little_box, minivault_11
D:7:      layout_rooms, gammafunk_temple_overflow_claw, basic_altar,
          kennysheep_potato, uniq_harold
D:8:      layout_cave_pods, dpeg_lair_monsters, enter_bailey_6
Bailey:   bailey_polearm_gnolls_kennysheep, bailey

Skill      XL: |  1  2  3  4  5  6  7  8  9 10 |
---------------+-------------------------------+-----
Transmutations | 3 4 5 6 9 10 11 | 11.0
Poison Magic   | 1 2 3 4 |  4.0
Unarmed Combat | 4 5 6 8 9 |  9.6
Spellcasting   | 3 |  3.0
Ice Magic      | 1 |  1.0
Fighting       | |  1.0
Dodging        | |  1.5

Action                   |  1- 3 |  4- 6 |  7- 9 | 10-12 || total
-------------------------+-------+-------+-------+-------++-------
Melee: Unarmed           |    35 |    59 |   201 |    30 ||   325
       Headbutt          |     3 |       |       |       ||     3
       Whip              |    34 |    77 |     9 |     2 ||   122
       Punch             |     1 |     1 |     2 |     2 ||     6
 Cast: Beastly Appendage |    17 |       |       |       ||    17
       Spider Form       |     1 |    11 |    29 |       ||    41
       Blade Hands       |       |       |     8 |     7 ||    15
       Ice Form          |       |       |       |     3 ||     3
 Abil: Spit Poison       |    29 |    10 |     1 |       ||    40
  Use: Scroll            |       |     7 |     7 |     5 ||    19
       Potion            |       |     2 |     1 |     3 ||     6
Armor: Robe              |    18 |    36 |    17 |     7 ||    78
       Skin              |     1 |     2 |     8 |     8 ||    19
Dodge: Dodged            |    59 |   120 |   179 |    34 ||   392

Table legend: (Time is in decaauts)
 A = Elapsed time spent in this place.
 B = Non-inter-level travel time spent in this place.
 C = Inter-level travel time spent in this place.
 D = Time resting spent in this place.
 E = Time spent auto-exploring this place.
 F = Levels seen in this place.
 G = Mean time per level.
                   A        B        C        D        E       F      G
               +--------+--------+--------+--------+--------+-----+--------+
         Total |  13609 |  13108 |    501 |   1714 |   9750 |  10 | 1360.9 |
       Dungeon |  12220 |  11719 |    501 |   1484 |   8830 |   8 | 1527.5 |
         Sewer |   1134 |   1134 |      0 |     72 |    889 |   1 | 1134.0 |
        Bailey |    255 |    255 |      0 |    158 |     31 |   1 |  255.0 |
               +--------+--------+--------+--------+--------+-----+--------+

Top non-repeatable levels by time:
     D:6: 2490 daAuts
     D:7: 1912 daAuts
     D:5: 1587 daAuts
     D:2: 1572 daAuts
     D:3: 1537 daAuts
     D:1: 1355 daAuts
     D:4: 1289 daAuts
   Sewer: 1134 daAuts
     D:8: 475 daAuts
  Bailey: 255 daAuts
